AoeStats
← Tarklow

Fortress

509958698Analyzed
2v2 RM · 3d ago on Sep 28, 2026· 73m 2s· 4 players
Game mode
Random Map
Map size
Normal (6 player)
Population
200
Speed
Normal
Resources
Standard
Victory
Conquest
Starting age
Dark Age
Ending age
Imperial Age
RankedLock teamsTeams togetherTeam positionsShared explorationLock speedFull tech treeHidden civsTurbo modeCheats
Victory
Defeat
🇸🇰 Saxons · Slovakia
761
+13
🇪🇸 Britons · Spain
735
+14
🇵🇦 Italians · Panama
762
-15
🇺🇸 Jurchens · United States
643
-12
Nobunaga 2011
8:03 Feudal Age
9:32 Wheelbarrow
8:52 Double-Bit Axe
10:06 Horse Collar
10:28 Fletching
10:40 Padded Archer Armor
10:02 Man-at-Arms
11:06 Gold Mining
18:35 Castle Age
17:52 Scale Mail Armor
18:10 Forging
18:00 Stone Mining
20:24 Bow Saw
19:37 Long Swordsman
22:00 Hand Cart
21:48 Heavy Plow
21:52 Bodkin Arrow
21:36 Crossbowman
29:42 Leather Archer Armor
30:58 Ballistics
32:39 Squires
32:41 Murder Holes
35:39 Imperial Age
35:56 Elite Longbowman
36:40 Bracer
37:11 Ring Archer Armor
36:10 Capped Ram
38:57 Conscription
40:13 Two-Handed Swordsman
42:16 Arbalester
42:23 Champion
44:08 Gambesons
45:30 Iron Casting
45:11 Chain Mail Armor
45:57 Siege Engineers
50:58 Light Cavalry
51:39 Husbandry
51:22 Cavalier
53:19 Caravan
55:47 Two-Man Saw
Tarklow
6:08 Feudal Age
6:41 Double-Bit Axe
6:41 Horse Collar
11:31 Gold Mining
15:37 Castle Age
15:04 Fletching
16:13 Bodkin Arrow
16:48 Bow Saw
16:41 Heavy Plow
16:30 Loom
16:40 Stone Mining
18:42 Fortified Wall
18:55 Ballistics
19:59 Masonry
20:19 Murder Holes
21:51 Guard Tower
22:19 Pikeman
23:05 Squires
24:03 Padded Archer Armor
24:32 Treadmill Crane
31:49 Town Watch
32:40 Wheelbarrow
32:29 Forging
32:22 Scale Mail Armor
37:02 Crossbowman
47:28 Imperial Age
45:59 Iron Casting
45:40 Chain Mail Armor
46:23 Gold Shaft Mining
48:27 Bracer
50:28 Architecture
50:16 Town Patrol
50:45 Caravan
51:47 Conscription
52:34 Arrowslits
53:54 Leather Archer Armor
54:59 Chemistry
54:05 Halberdier
54:33 Arson
57:09 Redemption
57:51 Hand Cart
60:15 Block Printing
59:27 Elite Hearth Troop
59:40 Shield Wall
65:57 Elite Skirmisher
66:55 Leather Archer Armor
69:41 Heavy Scorpion
arielhz45
8:42 Feudal Age
9:09 Double-Bit Axe
9:07 Horse Collar
15:58 Castle Age
15:11 Scale Barding Armor
15:07 Scale Mail Armor
15:31 Forging
22:01 Gold Mining
24:39 Gold Shaft Mining
34:52 Imperial Age
42:39 Conscription
44:57 Bow Saw
47:43 Thunderclap Bombs
50:05 Iron Casting
54:54 Chain Mail Armor
Elcaifascefas
9:02 Feudal Age
15:12 Castle Age
14:51 Horse Collar
15:01 Double-Bit Axe
15:49 Padded Archer Armor
15:40 Fletching
16:14 Crossbowman
17:17 Thumb Ring
19:29 Leather Archer Armor
22:12 Bodkin Arrow
22:43 Ballistics
29:48 Imperial Age
31:46 Chemistry
31:00 Arbalester
37:30 Elite Skirmisher
42:12 Ring Archer Armor
43:17 Scale Barding Armor
43:23 Forging
46:21 Bracer
48:10 Husbandry
60:06 Chain Barding Armor
61:14 Iron Casting
63:36 Pikeman
64:17 Squires
Connection lost

Rejoining the realm…

Still unreachable

The connection could not be restored.

Session expired

The server has moved on; the page needs a fresh start.